 Dungeon Crawl Stone Soup version 0.17-a0-1497-g03599f7 (webtiles) character file.

108 Chiseanne the Skirmisher (level 4, -4/38 HPs)
             Began as a Demonspawn Wanderer on July 6, 2015.
             Slain by Grinder (8 damage)
             ... while paralysed by Grinder
             ... on level 3 of the Dungeon.
             The game lasted 00:05:31 (1558 turns).

Chiseanne the Skirmisher (Demonspawn Wanderer)      Turns: 1558, Time: 00:05:31

Health: -4/38      AC: 17    Str: 14    XL:     4   Next: 58%
Magic:  4/4        EV:  2    Int: 10    God:
Gold:   96         SH:  0    Dex: 15    Spells: 0 memorised, 3 levels left

rFire  . . .     SeeInvis .     s - +3 dagger (protect)
rCold  + . .     Clarity  .     t - +0 ring mail
rNeg   . . .     SustAt   .     (no shield)
rPois  .         Gourm    .     (no helmet)
rElec  .         Spirit   .     (no cloak)
rCorr  .         Warding  .     r - +0 pair of gloves
rMut   .         Stasis   .     (no boots)
MR     .....                    (no amulet)
Stlth  +.........               (no ring)
                                p - ring of protection from cold

@: paralysed, very slightly contaminated, hasted, not resistant to hostile
enchantments, very unstealthy
A: iridescent scales 2
a: no special abilities


You were on level 3 of the Dungeon.
You were not hungry.

You visited 1 branch of the dungeon, and saw 3 of its levels.

You collected 96 gold pieces.

Inventory:

Hand weapons
 a - a +2 short sword
 s - a +3 dagger of protection (weapon)
Missiles
 d - 6 needles of confusion
 n - 24 sling bullets
Armour
 r - a +0 pair of gloves (worn)
 t - a +0 ring mail (worn)
Jewellery
 i - a cursed ring of loudness {unknown}
 p - a ring of protection from cold (left hand)
Scrolls
 b - 4 scrolls of teleportation
 j - a scroll of amnesia
 l - a scroll of remove curse
Potions
 f - a potion of cure mutation {unknown}
 h - a potion of haste
 k - a potion of invisibility {unknown}
 o - 2 potions of resistance {unknown}
 q - a potion of flight {unknown}
 u - a potion of cancellation {unknown}
Comestibles
 e - 2 bread rations
 g - a beef jerky
 m - 2 meat rations


   Skills:
 * Level 4.4 Fighting
 - Level 1.7 Short Blades
   Level 1.0 Polearms
 + Level 0.1 Armour
 + Level 2.7 Dodging
 - Level 1.7 Stealth
   Level 1.0 Shields


You had 3 spell levels left.
You didn't know any spells.

Dungeon Overview and Level Annotations

Branches:
Dungeon (3/15)

Altars:
Fedhas
Kikubaaqudgha
Yredelemnul

Annotations:
D:3 Grinder


Innate Abilities, Weirdness & Mutations

You are mostly covered in iridescent scales (AC +6).


Message History

Grinder says, "There's only one good use for a tongue: cutting it out."
Grinder gestures.
Grinder blinks!
Read which item? (? for menu, Esc to quit)
Okay, then.
Drink which item? (? for menu, Esc to quit)
It was a potion of haste.
You feel yourself speed up.
You are very lightly contaminated with residual magic.
Grinder gestures at you.
You suddenly lose the ability to move!
Grinder hits you but does no damage. x2
Grinder gestures at you. You resist with significant effort. Grinder hits you.
You writhe in agony.
* * * LOW HITPOINT WARNING * * *
Grinder hits you but does no damage. Grinder hits you.
* * * LOW HITPOINT WARNING * * *
Grinder hits you!
You die...

#.....# #.....#
#.....# #.....#
#.....##########
##..............
#........#.....#
#...@5...#.....#
#........+.....#
#........#.....#
#..............#
#..........<...###
#..>........^......
#...........#######
#........####
#........#


You could see Grinder.

Vanquished Creatures
  6 adders (D:2)
  3 giant geckos
  2 ball pythons (D:2)
  3 giant cockroaches
  9 goblins
  4 hobgoblins
  7 jackals
  5 kobolds
  6 bats
  A giant newt (D:1)
  A quokka (D:2)
  6 rats
53 creatures vanquished.

Notes
Turn   | Place    | Note
--------------------------------------------------------------
     0 | D:1      | Chiseanne the Demonspawn Wanderer began the quest for the Orb.
     0 | D:1      | Chiseanne set off with: a +2 short sword, 2 scrolls of teleportation, a +0 robe, a +0 dagger, a bread ration
     0 | D:1      | Reached XP level 1. HP: 18/18 MP: 1/1
   192 | D:1      | Gained mutation: You are partially covered in iridescent scales (AC +4). [demonic ancestry]
   192 | D:1      | Reached XP level 2. HP: 24/24 MP: 2/2
   626 | D:1      | Gained mutation: You are mostly covered in iridescent scales (AC +6). [demonic ancestry]
   626 | D:1      | Reached XP level 3. HP: 28/30 MP: 3/3
   977 | D:2      | Reached skill level 4 in Fighting
  1015 | D:2      | Reached XP level 4. HP: 37/37 MP: 4/4
  1023 | D:2      | Found an ancient bone altar of Kikubaaqudgha.
  1023 | D:2      | Found a blossoming altar of Fedhas.
  1087 | D:2      | Found a basalt altar of Yredelemnul.
  1527 | D:3      | Noticed Grinder
  1527 | D:3      | Paralysed by Grinder for 5 turns
  1535 | D:3      | Paralysed by Grinder for 7 turns
  1551 | D:3      | Paralysed by Grinder for 7 turns
  1558 | D:3      | Slain by Grinder

Vault maps used:
D:1:      dpeg_arrival_subterranean_lakeside_camping
D:2:      grunt_temple_overflow_growth_and_decay, overflow_temple_1_default,
          first_bread, corexii_leaking_fountain
D:3:      lemuel_round_altar, overflow_temple_1_default, uniq_grinder

Action                   |  1- 3 |  4- 6 || total
-------------------------+-------+-------++-------
Melee: Short sword       |   106 |    26 ||   132
       Dagger            |       |    47 ||    47
  Use: Scroll            |     3 |     3 ||     6
       Potion            |       |     1 ||     1
 Stab: Sleeping          |     8 |     1 ||     9
  Eat: Fruit             |       |     2 ||     2
       Chunk             |       |     1 ||     1
